 Dungeon Crawl Stone Soup version 0.22-a0-109-gbeb7240 (webtiles) character file.

33 dududu the Charmwright (level 3, -9/28 HPs)
             Began as a Barachi Skald on Jan 26, 2018.
             Killed from afar by Natasha (11 damage)
             ... with a magic dart
             ... on level 3 of the Dungeon.
             The game lasted 00:07:51 (1876 turns).

dududu the Charmwright (Barachi Skald)              Turns: 1876, Time: 00:07:52

Health: -9/28      AC:  3    Str: 12    XL:     3   Next: 29%
Magic:  1/6        EV: 12    Int: 19    God:
Gold:   85         SH:  0    Dex: 11    Spells: 1/7 levels left

rFire    . . .     SeeInvis .   a - +0 spear
rCold    . . .     Gourm    .   (no shield)
rNeg     . . .     Faith    .   b - +0 leather armour
rPois    .         Spirit   .   (no helmet)
rElec    .         Reflect  .   (no cloak)
rCorr    .         Harm     .   (no gloves)
MR       .....                  (no boots)
Stlth    +.........             (no amulet)
HPRegen  0.09/turn              (no ring)
MPRegen  0.10/turn              (no ring)

@: brilliant, infused, flying, very slightly contaminated, slow
A: +LOS, swims, slowness 1, strong legs 1
a: Hop


You were on level 3 of the Dungeon.
You were hungry.

You visited 1 branch of the dungeon, and saw 3 of its levels.

You collected 85 gold pieces.

Inventory:

Hand Weapons
 a - a +0 spear (weapon)
Missiles
 e - 17 stones (quivered)
Armour
 b - a +0 leather armour (worn)
 p - a +0 ring mail
Scrolls
 h - a scroll of amnesia {unknown}
 j - a scroll of magic mapping {unknown}
 l - a scroll of teleportation {unknown}
 n - a scroll of enchant armour {unknown}
 r - a scroll of remove curse {unknown}
Potions
 f - a potion of resistance {unknown}
 g - a potion of flight
 i - a potion of haste {unknown}
 k - a potion of ambrosia {unknown}
 m - a potion of berserk rage {unknown}
 q - a potion of brilliance
Books
 c - a book of Battle

   Spells                             Type                      Level
   a - Infusion                       Charms                       1
   b - Shroud of Golubria             Charms/Translocation         2
   c - Song of Slaying                Charms                       2
   d - Spectral Weapon                Hexes/Charms                 3
   e - Regeneration                   Charms/Necromancy            3
Comestibles
 d - 7 rations


   Skills:
 + Level 2.9 Fighting
 + Level 2.7 Polearms
 - Level 1.2 Armour
 - Level 2.1 Dodging
 - Level 2.5 Spellcasting
 * Level 0.1 Hexes
 * Level 3.6 Charms


You had one spell level left.
You knew the following spells:

 Your Spells              Type           Power        Failure   Level  Hunger
a - Infusion              Chrm           ####         1%          1    #......
b - Shroud of Golubria    Chrm/Tloc      ###.......   1%          2    ##.....
c - Spectral Weapon       Hex/Chrm       ###.....     3%          3    ###....


Dungeon Overview and Level Annotations

Branches:
Dungeon (3/15)

Altars:

Annotations:
D:2 Sigmund
D:3 Natasha


Innate Abilities, Weirdness & Mutations

Shadows flee at your approach. (+LOS)
You can swim through water.
You cover ground slowly.
You can hop short distances.


Message History

Natasha claws you!
You hit Natasha.
Natasha is moderately wounded.
Natasha barely misses you.
All of the chunks of flesh in your inventory have rotted away.
You completely miss Natasha.
Natasha is moderately wounded.
Natasha claws you!
* * * LOW HITPOINT WARNING * * *
You hit Natasha but do no damage.
Natasha is moderately wounded.
Natasha claws you but does no damage.
It was a potion of flight.
You feel very buoyant.
You fly up into the air.
Natasha completely misses you.
It was a potion of brilliance.
You feel clever all of a sudden.
Natasha stares at you and mumbles some strange words.
The magic dart hits you!
You die...

...########.............#...#
....).......#############...#
.<.########## #..)# ...#
#...# ...# # ##..# ...#
#####. ##.##### ####
......5#### ##......
#....gKh.# ##......#
#.###(##@# ###....#### #.
##.# ####.....## .g #..#
#.....##..# ..
#.####...#####.# ...
#.###...## ..# .. #......##
#.# . #.....## .# #..#### .#
##.#


You could see Natasha, a crimson imp, a hobgoblin and a kobold.

Vanquished Creatures
  3 dart slugs
  An orc (D:3)
  A giant cockroach (D:3)
  5 hobgoblins
  2 jackals (D:1)
  3 kobolds
  4 bats
  A frilled lizard (D:1)
  4 rats
24 creatures vanquished.

Notes
Turn   | Place    | Note
-------+----------+-------------------------------------------
     0 | D:1      | dududu the Barachi Skald began the quest for the Orb.
     0 | D:1      | Reached XP level 1. HP: 17/17 MP: 3/3
   592 | D:1      | Reached XP level 2. HP: 23/23 MP: 5/5
   598 | D:1      | Learned a level 2 spell: Shroud of Golubria
   955 | D:2      | Noticed Sigmund
  1460 | D:2      | Reached XP level 3. HP: 24/28 MP: 6/6
  1678 | D:3      | Learned a level 3 spell: Spectral Weapon
  1864 | D:3      | Noticed Natasha
  1876 | D:3      | Killed from afar by Natasha

Vault maps used:
D:1:      dpeg_arrival_court
D:2:      gammafunk_temple_overflow_elements, marbit_many_paths,
          kennysheep_slug_shrine, grunt_ministairs_3, minmay_misc_feat_doors,
          roderic_serpentine_path, uniq_sigmund
D:3:      first_ration, serial_bayou_pond_c, uniq_natasha

Action                   || total
-------------------------++-------
Melee: Spear             ||    95
Throw: Stone             ||    15
 Cast: Infusion          ||     8
       Shroud of Golubri ||     1
  Use: Potion            ||     2
 Stab: Sleeping          ||     1
  Eat: Chunk             ||     3
Armor: Leather armour    ||    34
Dodge: Dodged            ||    59

Table legend:
 A = Spawn XP
 B = Non-spawn XP
 C = Spawn XP percentage of total XP
 D = Spawn monster count
 E = Non-spawn monster count
 F = Spawn count percentage of total count
 G = Total turns spent on level
                    A         B        C        D         E        F      G
               +---------+---------+-------+---------+---------+-------+---------
         Total |       0 |      48 |   0.0 |       0 |      24 |   0.0 |  1876
               +---------+---------+-------+---------+---------+-------+---------
           D:1 |       0 |      25 |   0.0 |       0 |      13 |   0.0 |  1437
           D:2 |       0 |      18 |   0.0 |       0 |       9 |   0.0 |   234
           D:3 |       0 |       5 |   0.0 |       0 |       2 |   0.0 |   205
               +---------+---------+-------+---------+---------+-------+---------
